[Event "Early-Titled-Tuesday-Blitz-April-23-2024"]
[Site "Chess.com"]
[Date "2024.04.23"]
[Round "1"]
[White "AlexPapasimakopoulos"]
[Black "inagreV"]
[Result "1-0"]
[WhiteElo "2681"]
[BlackElo "2371"]
[TimeControl "180+1"]
[EndTime "8:01:06 PDT"]
[Termination "AlexPapasimakopoulos won by resignation"]

1. d4 Nf6 2. c4 g6 3. Nf3 Bg7 4. Nc3 O-O 5. Bg5 c5 6. d5 d6 7. e4 h6 8. Bf4 Na6 9. Bd3 Nc7 10. h3 a6 11. a4 b6 12. O-O Nd7 13. Re1 Rb8 14. e5 dxe5 15. Nxe5 Nxe5 16. Bxe5 Ne8 17.
Bxb8 1-0

[Event "Early-Titled-Tuesday-Blitz-April-23-2024"]
[Site "Chess.com"]
[Date "2024.04.23"]
[Round "1"]
[White "Msb2"]
[Black "Switzerlamb"]
[Result "1-0"]
[WhiteElo "3076"]
[BlackElo "2548"]
[TimeControl "180+1"]
[EndTime "8:01:34 PDT"]
[Termination "Msb2 won by resignation"]

1. d4 d5 2. c4 e6 3. Nc3 c6 4. Nf3 dxc4 5. e4 b5 6. Qc2 Nf6 7. Be2 a6 8. O-O Bb7 9. b3 cxb3 10. axb3 Nbd7 11. e5 Nd5 12. Nxd5 cxd5 13. Qd2 Be7 14. Qf4 O-O 15. Qg4 Kh8 16. Bd3 Rg8 17. Bxh7 1-0

[Event "Early-Titled-Tuesday-Blitz-April-23-2024"]
[Site "Chess.com"]
[Date "2024.04.23"]
[Round "1"]
[White "dropstoneDP"]
[Black "subham777"]
[Result "1-0"]
[WhiteElo "3030"]
[BlackElo "2542"]
[TimeControl "180+1"]
[EndTime "8:02:00 PDT"]
[Termination "dropstoneDP won by resignation"]

1. e4 e6 2. d4 d5 3. Nc3 Nf6 4. e5 Nfd7 5. f4 c5 6. Nf3 Nc6 7. Be3 Be7 8. Qd2 a6 9. a3 b5 10. Bd3 Qb6 11. Bf2 Bb7 12. O-O g6 13. Kh1 h5 14. dxc5 Bxc5 15. Bxc5 Nxc5 16. b4 Nxd3 17.
cxd3 Rc8 18. Rac1 Nd4 19. Qf2 1-0

[Event "Early-Titled-Tuesday-Blitz-April-23-2024"]
[Site "Chess.com"]
[Date "2024.04.23"]
[Round "1"]
[White "profedechess93"]
[Black "Naruto75_3"]
[Result "1-0"]
[WhiteElo "2669"]
[BlackElo "2360"]
[TimeControl "180+1"]
[EndTime "8:02:05 PDT"]
[Termination "profedechess93 won by resignation"]

1. e4 c5 2. Nf3 d6 3. Bb5+ Nd7 4.
d4 cxd4 5. Qxd4 a6 6. Bxd7+ Bxd7 7. Bg5 Nf6 8. Nc3 e6 9. O-O-O Bc6 10. e5 dxe5 11.
Qxe5 Nd7 12. Bxd8 Nxe5 13. Nxe5 Rxd8 14. Rxd8+ Kxd8 15. Nxf7+ Ke8 16. Nxh8 1-0

[Event "Early-Titled-Tuesday-Blitz-April-23-2024"]
[Site "Chess.com"]
[Date "2024.04.23"]
[Round "1"]
[White "DishonorOnYourCow"]
[Black "AnishOnYoutube"]
[Result "0-1"]
[WhiteElo "2546"]
[BlackElo "3072"]
[TimeControl "180+1"]
[EndTime "8:02:14 PDT"]
[Termination "AnishOnYoutube won by resignation"]

1. d4 Nf6 2. c4 e6 3. Nf3 Bb4+ 4. Nbd2 O-O 5. a3 Be7 6. e4 d6 7. Be2 a5 8. O-O Nfd7 9. b3 e5 10. Bb2 exd4 11. Nxd4 Bf6 12. Qc2 Re8 13. Nf5 Nc6 14.
f3 Nc5 15. Ne3 Nd4 0-1

[Event "Early-Titled-Tuesday-Blitz-April-23-2024"]
[Site "Chess.com"]
[Date "2024.04.23"]
[Round "1"]
[White "stasOR4ik"]
[Black "only_strong_moves"]
[Result "1-0"]
[WhiteElo "2429"]
[BlackElo "2718"]
[TimeControl "180+1"]
[EndTime "8:02:40 PDT"]
[Termination "stasOR4ik won by resignation"]

1. e4 e5 2. Nf3 Nc6 3. Bc4 Nf6 4. Nc3 Bb4 5. O-O Bxc3 6. dxc3 h6 7. Qe2 d6 8. h3 O-O 9. Nh2 Be6 10. Bxe6 fxe6 11. Ng4 Qe7 12. Rd1 Rad8 13. Rd3 Nh5 14. Nxh6+ gxh6 15. Qxh5 Rf7 16. Bxh6 Rh7 17. Qg6+ Kh8 18. Bg5 Qe8 19. Bf6+ 1-0

[Event "Early-Titled-Tuesday-Blitz-April-23-2024"]
[Site "Chess.com"]
[Date "2024.04.23"]
[Round "1"]
[White "Jakhongir-Vakhidov"]
[Black "Viktoker"]
[Result "1-0"]
[WhiteElo "2675"]
[BlackElo "2367"]
[TimeControl "180+1"]
[EndTime "8:02:58 PDT"]
[Termination "Jakhongir-Vakhidov won by resignation"]

1. c4 e6 2. Nc3 f5 3. d4 Nf6 4.
a3 Be7 5. Bf4 O-O 6. e3 b6 7.
Bg3 Bb7 8. Nh3 Qe8 9. Bxc7 d6 10. Nf4 Qd7 11. Bxb8 Raxb8 12. h4 a6 13. Be2 Qd8 14. Nxe6 Qc8 15. Nxf8 Qxf8 16. Bf3 Ne4 17. Nd5 Bxd5 18. cxd5 b5 19. Bxe4 fxe4 20. Qg4 Rc8 21. O-O Rc2 22. Rac1 Rxb2 23. Rc8 Bd8 24. Qe6+ Kh8 25. Qd7 1-0

[Event "Early-Titled-Tuesday-Blitz-April-23-2024"]
[Site "Chess.com"]
[Date "2024.04.23"]
[Round "1"]
[White "BilodeauA"]
[Black "Artem_Koval"]
[Result "0-1"]
[WhiteElo "2913"]
[BlackElo "2541"]
[TimeControl "180+1"]
[EndTime "8:03:00 PDT"]
[Termination "Artem_Koval won by resignation"]

1. e4 c5 2. Nf3 d6 3. d4 cxd4 4. Nxd4 Nf6 5. Nc3 a6 6. Be2 e5 7.
Nb3 Be6 8. f4 Be7 9. O-O O-O 10.
g4 exf4 11. Bxf4 Nc6 12. Kh1 d5 13. e5 Ne4 14. Bf3 Nxc3 15. bxc3 Bg5 16. Bg3 Bh4 17. Qe1 Bxg3 18. Qxg3 Qc7 19. Rae1 Ne7 20. Re3 Qc4 21. Nd4 Qxf1+ 0-1

[Event "Early-Titled-Tuesday-Blitz-April-23-2024"]
[Site "Chess.com"]
[Date "2024.04.23"]
[Round "1"]
[White "bubeliang"]
[Black "LionelMessiFCB"]
[Result "0-1"]
[WhiteElo "2779"]
[BlackElo "2480"]
[TimeControl "180+1"]
[EndTime "8:03:09 PDT"]
[Termination "LionelMessiFCB won by resignation"]

1. e4 c5 2. c3 e5 3. Nf3 Nc6 4. Bc4 Nf6 5. Ng5 d5 6. exd5 Nxd5 7. Qh5 g6 8. Qf3 Be6 9. Nxe6 fxe6 10. O-O Bg7 11.
d3 Qd7 12. Be3 b6 13. Nd2 Na5 14. Ne4 Rf8 15. Qe2 Nxc4 16. dxc4 Nxe3 17. Qxe3 O-O-O 18. Rad1 Qxd1 19. Ng5 Bh6 20. Qe4 Bxg5 21. Qa8+ Kc7 22. Qxa7+ Kc6 23. Qa4+ Qxa4 0-1

[Event "Early-Titled-Tuesday-Blitz-April-23-2024"]
[Site "Chess.com"]
[Date "2024.04.23"]
[Round "1"]
[White "KubaGepard"]
[Black "klifus"]
[Result "1-0"]
[WhiteElo "2587"]
[BlackElo "2073"]
[TimeControl "180+1"]
[EndTime "8:03:12 PDT"]
[Termination "KubaGepard won by resignation"]

1. e4 c5 2. Nf3 d6 3. d4 cxd4 4. Nxd4 Nf6 5. Nc3 a6 6. Be3 e5 7.
Nf3 Be7 8. Bc4 O-O 9. O-O b5 10. Bd5 Nxd5 11. Qxd5 b4 12. Qxa8 bxc3 13. Qxb8 cxb2 14.
Qxb2 Bg4 15. Nd2 Qd7 16. Rab1 Qe6 17. f3 Bh5 18. Qb3 Qg6 19. Qd3 h6 20. Nc4 f5 21.
exf5 Rxf5 22. Nb6 Kh7 23. Nd5 Bh4 24. Kh1 1-0

[Event "Early-Titled-Tuesday-Blitz-April-23-2024"]
[Site "Chess.com"]
[Date "2024.04.23"]
[Round "1"]
[White "Grischuk"]
[Black "WilsonPalencia21"]
[Result "1-0"]
[WhiteElo "3072"]
[BlackElo "2546"]
[TimeControl "180+1"]
[EndTime "8:03:14 PDT"]
[Termination "Grischuk won by resignation"]

1. d4 Nf6 2. c4 c5 3. d5 g6 4. Nc3 Bg7 5. e4 d6 6. Be2 e6 7. Be3 exd5 8. cxd5 a6 9. a4 Nbd7 10. Nf3 O-O 11. O-O Ng4 12. Bg5 Bf6 13. Bxf6 Qxf6 14. Nd2 Nde5 15. h3 Nh6 16. f4 Nd7 17. Nc4 Re8 18. a5 Qd8 19. Nxd6 1-0

[Event "Early-Titled-Tuesday-Blitz-April-23-2024"]
[Site "Chess.com"]
[Date "2024.04.23"]
[Round "1"]
[White "BurningggIce"]
[Black "DamianoLew95"]
[Result "0-1"]
[WhiteElo "2446"]
[BlackElo "2801"]
[TimeControl "180+1"]
[EndTime "8:03:14 PDT"]
[Termination "DamianoLew95 won by resignation"]

1. d4 Nf6 2. c4 e6 3. Nc3 Bb4 4.
Qc2 h6 5. f3 c5 6. a3 Bxc3+ 7.
Qxc3 cxd4 8. Qxd4 Nc6 9. Qc3 d5 10. e3 O-O 11. Bd3 e5 12. cxd5 Nxd5 13. Qc4 Be6 14.
Ne2 Nf4 15. Bh7+ Kxh7 16. Qc2+ Qd3 0-1

[Event "Early-Titled-Tuesday-Blitz-April-23-2024"]
[Site "Chess.com"]
[Date "2024.04.23"]
[Round "1"]
[White "RantomOpening"]
[Black "artin10862"]
[Result "0-1"]
[WhiteElo "2525"]
[BlackElo "2928"]
[TimeControl "180+1"]
[EndTime "8:03:21 PDT"]
[Termination "artin10862 won by resignation"]

1. c4 Nc6 2. Nf3 e5 3. Nc3 Nf6 4. e3 Bb4 5. Qc2 O-O 6. Nd5 Re8 7. Bd3 h6 8. a3 Bf8 9. b4 e4 10. Nxf6+ Qxf6 11. Bxe4 Qxa1 12. Bh7+ Kh8 13. d4 Nxd4 14. Nxd4 Qxd4 15. O-O Qh4 16. Be4 Qxe4 0-1

[Event "Early-Titled-Tuesday-Blitz-April-23-2024"]
[Site "Chess.com"]
[Date "2024.04.23"]
[Round "1"]
[White "Gerasimenyuk_Miha"]
[Black "Antipov_Mikhail_Al"]
[Result "0-1"]
[WhiteElo "2499"]
[BlackElo "2879"]
[TimeControl "180+1"]
[EndTime "8:03:27 PDT"]
[Termination "Antipov_Mikhail_Al won by resignation"]

1. d4 Nf6 2. Nf3 d5 3. Bg5 Nc6 4. e3 Ne4 5. Bh4 f6 6. Nbd2 h5 7. Bg3 g5 8. h4 Nxg3 9. fxg3 g4 10.
Nh2 Qd6 11. Kf2 e5 12. c3 Bh6 13. Bb5 O-O 14. Rf1 Ne7 15. e4 f5 16. exd5 e4 17.
Nc4 Qxd5 18. Ba4 b5 0-1

[Event "Early-Titled-Tuesday-Blitz-April-23-2024"]
[Site "Chess.com"]
[Date "2024.04.23"]
[Round "1"]
[White "GMAkobianSTL"]
[Black "EliteChess0967"]
[Result "1-0"]
[WhiteElo "2807"]
[BlackElo "2456"]
[TimeControl "180+1"]
[EndTime "8:03:33 PDT"]
[Termination "GMAkobianSTL won by resignation"]

1. d4 d5 2. c4 c6 3. cxd5 cxd5 4. Nf3 Nf6 5. Nc3 Nc6 6. Bf4 a6 7. Rc1 Bf5 8. e3 Rc8 9. Ne5 e6 10. Qb3 Na5 11. Qa4+ Nc6 12. Nxc6 bxc6 13. Bxa6 Be7 14. Bxc8 Qxc8 15. Nb5 O-O 16. Nd6 Qd8 17. Nxf5 exf5 18. O-O Bd6 1-0

[Event "Early-Titled-Tuesday-Blitz-April-23-2024"]
[Site "Chess.com"]
[Date "2024.04.23"]
[Round "1"]
[White "MFatigue"]
[Black "jefferyx"]
[Result "0-1"]
[WhiteElo "2553"]
[BlackElo "3107"]
[TimeControl "180+1"]
[EndTime "8:03:38 PDT"]
[Termination "jefferyx won by checkmate"]

1. e4 c5 2. a3 d5 3. exd5 Qxd5 4. Nc3 Qd8 5. Nf3 Nc6 6. Bb5 Bd7 7. d4 cxd4 8. Nxd4 Nxd4 9. Qxd4 Bxb5 10. Nxb5 a6 11. Qxd8+ Rxd8 12. Nc7+ Kd7 13. Nd5 e6 14. Nb6+ Kc6 15.
Be3 Bc5 16. Bxc5 Kxc5 17. Na4+ Kc6 18. Ke2 Ne7 19. Nc3 Nf5 20. Rac1 Nd4+ 21. Ke3 Rd7 22. Ne2 Nf5+ 23. Kf3 Rhd8 24. g3 Rd2 25. h4 e5 26. g4 e4+ 27. Kxe4 Rxe2+ 28. Kxf5 Rd4 29. f4 Rd5# 0-1

[Event "Early-Titled-Tuesday-Blitz-April-23-2024"]
[Site "Chess.com"]
[Date "2024.04.23"]
[Round "1"]
[White "GP9isback23"]
[Black "maracayo"]
[Result "1-0"]
[WhiteElo "2670"]
[BlackElo "2362"]
[TimeControl "180+1"]
[EndTime "8:03:40 PDT"]
[Termination "GP9isback23 won by resignation"]

1. d4 d6 2. Nf3 Nf6 3. e3 Nbd7 4. Be2 e5 5. O-O Be7 6. c4 O-O 7. Nc3 c6 8. b3 e4 9. Nd2 d5 10. f3 Bb4 11. Bb2 exf3 12. Bxf3 Bxc3 13. Bxc3 Re8 14. Re1 Nf8 15. e4 dxe4 16. Nxe4 Bf5 17. Nc5 Rxe1+ 18. Qxe1 Qb6 19. Ba5 Re8 1-0

[Event "Early-Titled-Tuesday-Blitz-April-23-2024"]
[Site "Chess.com"]
[Date "2024.04.23"]
[Round "1"]
[White "Kazmin_Semyon"]
[Black "UnTucopalaTimba"]
[Result "1-0"]
[WhiteElo "2573"]
[BlackElo "2030"]
[TimeControl "180+1"]
[EndTime "8:03:41 PDT"]
[Termination "Kazmin_Semyon won by checkmate"]

1. e4 c6 2. d4 d5 3. e5 Bf5 4. Nf3 e6 5. Be2 Ne7 6. O-O Nd7 7. a4 Nc8 8. a5 a6 9. Bg5 Be7 10. Bxe7 Qxe7 11. b4 Na7 12. c3 Nb5 13. Bd3 Bxd3 14.
Qxd3 h5 15. h4 Rh6 16. Re1 Kf8 17. Nbd2 Kg8 18. Nf1 Rf8 19. Re2 f6 20. exf6 Nxf6 21. Ng3 Ng4 22. Rae1 Nc7 23. Nf5 Rxf5 24. Qxf5 exf5 25.
Rxe7 Nb5 26. Ng5 Nf6 27. Re8+ Nxe8 28. Rxe8# 1-0

[Event "Early-Titled-Tuesday-Blitz-April-23-2024"]
[Site "Chess.com"]
[Date "2024.04.23"]
[Round "1"]
[White "gshwbedhkhd"]
[Black "JaackCamel"]
[Result "1-0"]
[WhiteElo "2609"]
[BlackElo "2207"]
[TimeControl "180+1"]
[EndTime "8:03:43 PDT"]
[Termination "gshwbedhkhd won by resignation"]

1. f4 d5 2. Nf3 Nf6 3. g3 g6 4. Bg2 Bg7 5. O-O O-O 6. d3 b6 7. Qe1 Bb7 8. Na3 c5 9. c3 d4 10.
Nc4 Nc6 11. Bd2 Re8 12. Nfe5 Qc7 13. Rc1 Nd7 14. cxd4 cxd4 15. Nxc6 Bxc6 16. Ne5 Bxe5 17. Rxc6 1-0

[Event "Early-Titled-Tuesday-Blitz-April-23-2024"]
[Site "Chess.com"]
[Date "2024.04.23"]
[Round "1"]
[White "B_nn_t"]
[Black "Lily_Schirmbeck"]
[Result "1-0"]
[WhiteElo "2560"]
[BlackElo "1560"]
[TimeControl "180+1"]
[EndTime "8:03:48 PDT"]
[Termination "B_nn_t won by resignation"]

1. e4 c5 2. Nf3 Nc6 3. d4 cxd4 4. Nxd4 g6 5. c4 Bg7 6. Be3 d6 7. Nc3 Nf6 8. Be2 O-O 9. O-O a6 10. Rc1 Qc7 11. b3 Bd7 12. Re1 Rad8 13. h3 Rfe8 14. Qd2 e6 15. Nf3 Qb8 16. Bh6 Ne5 17. Nxe5 dxe5 18.
Be3 b5 19. c5 Bc6 20. Qc2 Qb7 21. f3 Rd7 22. Red1 Red8 23. Rxd7 Rxd7 24. Rd1 Rxd1+ 25. Qxd1 Qd7 26. Qxd7 Bxd7 27. a4 bxa4 28. Nxa4 Bb5 29. Bxb5 axb5 30. c6 Ne8 31. Nc3 Nc7 32. Bb6 1-0

[Event "Early-Titled-Tuesday-Blitz-April-23-2024"]
[Site "Chess.com"]
[Date "2024.04.23"]
[Round "1"]
[White "xberli"]
[Black "LaPiToB"]
[Result "1-0"]
[WhiteElo "2620"]
[BlackElo "2270"]
[TimeControl "180+1"]
[EndTime "8:03:52 PDT"]
[Termination "xberli won by resignation"]

1. d4 Nf6 2. c4 e6 3. Nc3 Bb4 4. a3 Bxc3+ 5. bxc3 O-O 6. Bg5 c5 7. e3 cxd4 8. exd4 d5 9. Bd3 dxc4 10. Bc2 Nbd7 11.
Nf3 Qa5 12. O-O b6 13. Re1 Bb7 14. Ne5 Qd5 15. f3 Nxe5 16. Rxe5 Qd8 17. Qe1 h6 18. Bd2 Nd7 19. Rh5 Qf6 20. Qg3 Kh8 21. Re1 Bd5 22.
Bg5 1-0

[Event "Early-Titled-Tuesday-Blitz-April-23-2024"]
[Site "Chess.com"]
[Date "2024.04.23"]
[Round "1"]
[White "microbear"]
[Black "Martial2008"]
[Result "0-1"]
[WhiteElo "2371"]
[BlackElo "2683"]
[TimeControl "180+1"]
[EndTime "8:04:00 PDT"]
[Termination "Martial2008 won by resignation"]

1. e4 e5 2. Nf3 Nc6 3. Bc4 Nf6 4.
d3 h6 5. c3 d6 6. h3 g6 7. Bb3 Bg7 8. O-O O-O 9. Be3 Na5 10.
Bc2 c5 11. b4 cxb4 12. cxb4 Nc6 13. a3 a6 14. Nbd2 Be6 15. Rc1 d5 16. exd5 Nxd5 17. Ne4 Nd4 18. Bxd4 exd4 19. Nc5 Bf5 20. Re1 b6 21. Ne4 Nc3 22. Nxc3 dxc3 23. d4 Be6 24. Qd3 Rc8 25. Ne5 Qd5 26. Qe3 Rfd8 27. Nxg6 Qxd4 28.
Ne7+ Kf8 29. Nxc8 Qxe3 30. Rxe3 Rxc8 31. Kh2 h5 32. Be4 Bh6 33. Rexc3 Bxc1 0-1

[Event "Early-Titled-Tuesday-Blitz-April-23-2024"]
[Site "Chess.com"]
[Date "2024.04.23"]
[Round "1"]
[White "Casablanca"]
[Black "Shivananda1964"]
[Result "0-1"]
[WhiteElo "2637"]
[BlackElo "2360"]
[TimeControl "180+1"]
[EndTime "8:04:06 PDT"]
[Termination "Shivananda1964 won by resignation"]

1. c4 e5 2. g3 Nf6 3. Bg2 d5 4. cxd5 Nxd5 5. Nc3 Nb6 6. Nf3 Nc6 7. O-O Be7 8. d3 Be6 9. a3 O-O 10. b4 a5 11. b5 Nd4 12. Nxd4 exd4 13. Na4 Bd5 14. Nxb6 cxb6 15. Qa4 Bxg2 16. Kxg2 Bc5 17. Bb2 Re8 18. Rfe1 Qd5+ 19. Kg1 Rad8 20. Rac1 h5 21. Qc4 Qf5 22. Rc2 Re6 23. Bc1 h4 24. Kg2 h3+ 25. Kg1 Qf3 0-1

[Event "Early-Titled-Tuesday-Blitz-April-23-2024"]
[Site "Chess.com"]
[Date "2024.04.23"]
[Round "1"]
[White "viktorgen2021"]
[Black "IM_ArthurDW08"]
[Result "1-0"]
[WhiteElo "2450"]
[BlackElo "2735"]
[TimeControl "180+1"]
[EndTime "8:04:08 PDT"]
[Termination "viktorgen2021 won by resignation"]

1. d4 Nf6 2. Nf3 e6 3. c4 c5 4.
d5 exd5 5. cxd5 d6 6. Nc3 g6 7. g3 Bg7 8. Bg2 O-O 9. O-O a6 10. a4 Re8 11. Nd2 Nbd7 12. Nc4 Ne5 13. Na3 Bd7 14. h3 b5 15. f4 b4 16. fxe5 Rxe5 17. Nc4 Rh5 18. g4 bxc3 19. gxh5 Nxh5 20. bxc3 Bxc3 21. Ra3 Bg7 22. Raf3 1-0

[Event "Early-Titled-Tuesday-Blitz-April-23-2024"]
[Site "Chess.com"]
[Date "2024.04.23"]
[Round "1"]
[White "Susal_De_Silva"]
[Black "Khromkin"]
[Result "1-0"]
[WhiteElo "2678"]
[BlackElo "2370"]
[TimeControl "180+1"]
[EndTime "8:04:09 PDT"]
[Termination "Susal_De_Silva won on time"]

1. Nf3 c5 2. e3 Nc6 3. d4 cxd4 4. exd4 d6 5. Bd3 g6 6. O-O Bg7 7. Re1 h5 8. d5 Ne5 9. Nxe5 Bxe5 10. Nd2 Nh6 11. Nf3 Bg7 12. Bg5 Nf5 13. Bxf5 Bxf5 14. Rxe7+ Qxe7 15. Bxe7 Kxe7 16. Nd4 Bxd4 17. Qxd4 1-0

[Event "Early-Titled-Tuesday-Blitz-April-23-2024"]
[Site "Chess.com"]
[Date "2024.04.23"]
[Round "1"]
[White "Oleksandr_Bortnyk"]
[Black "ozates"]
[Result "1-0"]
[WhiteElo "3107"]
[BlackElo "2554"]
[TimeControl "180+1"]
[EndTime "8:04:10 PDT"]
[Termination "Oleksandr_Bortnyk won by resignation"]

1. e4 e5 2. Bc4 Nc6 3. d3 Bc5 4.
Nc3 Nf6 5. Bg5 h6 6. Bh4 Be7 7. a3 d6 8. Nf3 Bg4 9. Bxf6 Bxf6 10. h3 Be6 11. Nd5 O-O 12. O-O g6 13. b4 Bg7 14. c3 Kh7 15. a4 Ne7 16. Nxe7 Qxe7 17. Bxe6 Qxe6 18. Re1 f5 19. Nd2 d5 20. Qb3 fxe4 21.
dxe4 Qf6 22. Re2 d4 23. cxd4 exd4 24. e5 Qf5 25. Nf3 Rad8 26. Rd1 d3 27. Re3 d2 28. Re2 Rd4 29. Nxd4 1-0

[Event "Early-Titled-Tuesday-Blitz-April-23-2024"]
[Site "Chess.com"]
[Date "2024.04.23"]
[Round "1"]
[White "scarabee43"]
[Black "cthulhuuu"]
[Result "1-0"]
[WhiteElo "2842"]
[BlackElo "2477"]
[TimeControl "180+1"]
[EndTime "8:04:19 PDT"]
[Termination "scarabee43 won by resignation"]

1. Nf3 Nf6 2. c4 g6 3. Nc3 Bg7 4. d4 d6 5. Bg5 O-O 6. e3 c5 7. d5 h6 8. Bh4 Nbd7 9. Be2 a6 10. O-O Rb8 11. a4 g5 12. Bg3 Nh5 13. Qc2 Nxg3 14. hxg3 f5 15. Nd2 Ne5 16. f4 Ng6 17. fxg5 hxg5 18.
Bd3 e6 19. dxe6 Bxe6 20. Bxf5 Bxf5 21. Rxf5 Qe7 22. Nd5 Qe6 23. Rxg5 Ne5 24. Rh5 Qg6 25. Ne7+ 1-0

[Event "Early-Titled-Tuesday-Blitz-April-23-2024"]
[Site "Chess.com"]
[Date "2024.04.23"]
[Round "1"]
[White "Timerkhanov"]
[Black "BashirliSaadat"]
[Result "0-1"]
[WhiteElo "2639"]
[BlackElo "2364"]
[TimeControl "180+1"]
[EndTime "8:04:22 PDT"]
[Termination "BashirliSaadat won by resignation"]

1. d4 d5 2. Nf3 e6 3. g3 c5 4.
Bg2 Nc6 5. O-O Nf6 6. c4 Be7 7.
cxd5 exd5 8. Nc3 O-O 9. Bg5 Be6 10. dxc5 d4 11. Na4 h6 12. Bd2 Ne4 13. b3 Nxc5 14. Nxc5 Bxc5 15. Bf4 Rc8 16. a3 a5 17. Ne5 Nxe5 18. Bxe5 Qb6 19. b4 axb4 20. axb4 Qxb4 21. Rb1 Qc4 22. Rxb7 Bd5 23. Qd2 Bxg2 0-1

[Event "Early-Titled-Tuesday-Blitz-April-23-2024"]
[Site "Chess.com"]
[Date "2024.04.23"]
[Round "1"]
[White "Tonychess32"]
[Black "OparinGrigoriy"]
[Result "0-1"]
[WhiteElo "2539"]
[BlackElo "2982"]
[TimeControl "180+1"]
[EndTime "8:04:27 PDT"]
[Termination "OparinGrigoriy won on time"]

1. c4 Nf6 2. e3 b6 3. Nf3 Bb7 4. Be2 g6 5. O-O Bg7 6. d4 O-O 7. Nc3 e6 8. b3 c5 9. Bb2 Qe7 10.
dxc5 bxc5 11. Qc2 d6 12. Rfd1 Nc6 13. a3 Rad8 14. Rd2 Ne8 15. Rad1 f5 16. e4 Nf6 17.
exf5 gxf5 18. Re1 e5 19. Qxf5 Nd4 20. Nxd4 cxd4 21. Qh3 dxc3 22. Bxc3 Ne4 0-1

[Event "Early-Titled-Tuesday-Blitz-April-23-2024"]
[Site "Chess.com"]
[Date "2024.04.23"]
[Round "1"]
[White "mertfelin"]
[Black "Russian_berezka"]
[Result "0-1"]
[WhiteElo "2261"]
[BlackElo "2618"]
[TimeControl "180+1"]
[EndTime "8:04:29 PDT"]
[Termination "Russian_berezka won by resignation"]

1. e4 g6 2. d4 Bg7 3. Nf3 d5 4. Nc3 dxe4 5. Nxe4 Nf6 6. Nxf6+ Bxf6 7.
h3 O-O 8. Bc4 c5 9. c3 cxd4 10.
cxd4 Nc6 11. Be3 Qa5+ 12. Qd2 Qxd2+ 13. Bxd2 Nxd4 14. Nxd4 Bxd4 15. Bc3 Bxc3+ 16. bxc3 Bf5 17. Bd5 Rab8 18. O-O b6 19. Rad1 Rbc8 20. c4 e6 21. Bf3 Rxc4 22. Rd2 Rfc8 23. Rd7 R8c7 24. Rd8+ Kg7 25.
Ra8 Be4 26. Bxe4 Rxe4 27. Rd1 Ra4 28. g4 Rxa2 29. Rdd8 h6 30. Rh8 Rc1+ 31. Kg2 Rcc2 32.
Rag8+ Kf6 33. Rxh6 Rxf2+ 34. Kg3 Rg2+ 35. Kf3 Rgb2 36.
Kg3 Rb3+ 37. Kh4 Raa3 38. g5+ Kf5 0-1

[Event "Early-Titled-Tuesday-Blitz-April-23-2024"]
[Site "Chess.com"]
[Date "2024.04.23"]
[Round "1"]
[White "shimastream"]
[Black "Kostya0705"]
[Result "1-0"]
[WhiteElo "3056"]
[BlackElo "2544"]
[TimeControl "180+1"]
[EndTime "8:04:36 PDT"]
[Termination "shimastream won by resignation"]

1. Nf3 Nf6 2. c4 e6 3. g3 d5 4. Bg2 dxc4 5. Qa4+ Nbd7 6. Qxc4 a6 7. Qc2 c5 8. Nc3 Be7 9. O-O O-O 10. d4 Ra7 11. Rd1 b5 12. Bf4 Qb6 13. e4 cxd4 14. Nxd4 Bb7 15.
e5 Nh5 16. Be3 Bxg2 17. Kxg2 Qb7+ 18. Qe4 b4 19. Nc6 bxc3 20. Bxa7 Kh8 21. Qf3 cxb2 22. Rab1 g6 23. Nxe7 Qxa7 24. Nc6 Qb7 25. Rd2 Rc8 26. Rbxb2 1-0

[Event "Early-Titled-Tuesday-Blitz-April-23-2024"]
[Site "Chess.com"]
[Date "2024.04.23"]
[Round "1"]
[White "Levanzovsky"]
[Black "ViIIagra"]
[Result "0-1"]
[WhiteElo "2522"]
[BlackElo "2925"]
[TimeControl "180+1"]
[EndTime "8:04:42 PDT"]
[Termination "ViIIagra won by resignation"]

1. e4 d6 2. d4 Nf6 3. Nc3 e5 4. Nf3 Nbd7 5. Bc4 h6 6. a4 Be7 7. a5 O-O 8. h3 exd4 9. Nxd4 Nc5 10. Qf3 Nfd7 11. Bf4 Ne5 12. Bxe5 dxe5 13. Nf5 Bxf5 14.
Qxf5 Qd4 15. Ba2 c6 16. O-O Bf6 17. Rfd1 Qb4 18. Rab1 Rad8 19. f4 Rxd1+ 20. Rxd1 Qxb2 21. fxe5 Be7 22. Qf3 Qxc2 23. Rf1 Ne6 24. Rf2 Bc5 0-1

[Event "Early-Titled-Tuesday-Blitz-April-23-2024"]
[Site "Chess.com"]
[Date "2024.04.23"]
[Round "1"]
[White "alexrustemov"]
[Black "AktilekAskarovich"]
[Result "1-0"]
[WhiteElo "2866"]
[BlackElo "2489"]
[TimeControl "180+1"]
[EndTime "8:04:42 PDT"]
[Termination "alexrustemov won by resignation"]

1. d4 Nf6 2. c4 g6 3. Nf3 Bg7 4. g3 O-O 5. Bg2 c5 6. O-O cxd4 7. Nxd4 Nc6 8. Nc3 Nxd4 9. Qxd4 d6 10. Rd1 a6 11.
Qd3 Qc7 12. Bf4 Bf5 13. e4 Be6 14. b3 Rfd8 15. Rac1 Rac8 16. h3 Nd7 17. Be3 Qa5 18. a4 Ne5 19. Qc2 Nc6 20. Nd5 Kf8 21. Bb6 1-0

[Event "Early-Titled-Tuesday-Blitz-April-23-2024"]
[Site "Chess.com"]
[Date "2024.04.23"]
[Round "1"]
[White "secretworker2027"]
[Black "leoduarte"]
[Result "1-0"]
[WhiteElo "2702"]
[BlackElo "2386"]
[TimeControl "180+1"]
[EndTime "8:04:44 PDT"]
[Termination "secretworker2027 won on time"]

1. e4 e5 2. Nf3 Nc6 3. Bc4 Bc5 4. c3 Nf6 5. d4 exd4 6. b4 Bb6 7. e5 d5 8. exf6 dxc4 9. Qe2+ Be6 10. b5 d3 11. Qe4 Na5 12. fxg7 Rg8 13. Bg5 Qd5 14.
Qxh7 Kd7 15. O-O Bf5 16. Qh6 Rae8 17. Nbd2 Re6 18. Qh4 Rg6 19. Rae1 Kc8 20. Qh8 Rxg7 21. Re8+ Kd7 22. Rxg8 Rxg8 23. Qxg8 1-0

[Event "Early-Titled-Tuesday-Blitz-April-23-2024"]
[Site "Chess.com"]
[Date "2024.04.23"]
[Round "1"]
[White "ChessLebaneseSalah"]
[Black "Seochesspie"]
[Result "0-1"]
[WhiteElo "2517"]
[BlackElo "2912"]
[TimeControl "180+1"]
[EndTime "8:04:47 PDT"]
[Termination "Seochesspie won by resignation"]

1. e4 c5 2. Nf3 d6 3. d4 cxd4 4. Nxd4 Nf6 5. Nc3 a6 6. a3 Nbd7 7. Be3 e6 8. g4 Nc5 9. Qf3 Bd7 10. g5 Ng8 11. h4 Ne7 12. O-O-O Ng6 13. h5 Ne5 14.
Qg3 Qa5 15. f4 Nc6 16. Bc4 b5 17. Bd5 Rc8 18. Rhe1 b4 19. Bxc6 bxc3 20. Bxd7+ Nxd7 21. Nb3 cxb2+ 22. Kxb2 Qc3+ 23. Kb1 Qxc2+ 24. Ka1 Qxb3 25. Qf2 Qxa3+ 26. Kb1 Rb8+ 27. Kc2 0-1

[Event "Early-Titled-Tuesday-Blitz-April-23-2024"]
[Site "Chess.com"]
[Date "2024.04.23"]
[Round "1"]
[White "jaskol95"]
[Black "pfalcon1949"]
[Result "1-0"]
[WhiteElo "2565"]
[BlackElo "1964"]
[TimeControl "180+1"]
[EndTime "8:04:48 PDT"]
[Termination "jaskol95 won by resignation"]

1. d4 Nf6 2. c4 c5 3. d5 b5 4.
cxb5 a6 5. Nc3 g6 6. e4 Bg7 7. e5 Ng8 8. d6 exd6 9. exd6 Nf6 10.
Qe2+ Kf8 11. Bg5 axb5 12. Nd5 Qa5+ 13. b4 cxb4 14. Qe7+ Kg8 15. Nxf6+ Bxf6 16. Bxf6 b3+ 17. Kd1 1-0